Map: 环轨星港

Players

shengy - Winner!

  • Race: Zerg Zerg
  • League: Platinum

WhaToDo

  • Race: Protoss Protoss
  • League: Platinum

VOD

Have the link to the VOD?

Description

Time

  • Played on: Dec. 27, 2015, 8:06 p.m.
  • Length: 10:55
Show
View Real Time Build Order
Export as new Build Order

shengy Zerg - Winner!

Build Orders: Hatch First 

Get SALT Encoding   

  12  0:01  Drone  
  13  0:09  Drone  
  14  0:17  Overlord  
  14  0:35  Drone x3  
  17  0:46  Drone  
  18  0:58  Hatchery  
  18  1:03  Drone  
  18  1:15  Spawning Pool  
  17  1:41  Hatchery  
  17  1:46  Drone x2  
  18  1:49  Overlord  
  18  2:02  Queen  
  18  2:04  Zergling x2  
  21  2:12  Drone x2  
  23  2:20  Drone  
  23  2:21  Drone  
  25  2:28  Queen  
  27  2:31  Overlord  
  27  2:38  Drone  
  27  2:41  Drone  
  27  2:42  Drone  
  30  2:53  Queen  
  30  2:54  Drone  
  30  2:56  Drone x2  
  35  3:05  Drone x2  
  37  3:07  Drone  
  38  3:14  Drone x2  
  38  3:15  Drone x2  
  38  3:18  Overlord  
  38  3:19  Drone  
  43  3:25  Extractor  
  43  3:26  Extractor, Drone  
  42  3:27  Extractor, Drone  
  42  3:29  Drone  
  42  3:32  Queen  
  45  3:43  Drone x2  
  45  3:44  Drone x5  
  51  3:48  Extractor  
  50  4:01  Drone  
  51  4:03  Drone x2  
  51  4:04  Drone  
  54  4:11  Evolution Chamber  
  54  4:12  Evolution Chamber, Drone x2  
  55  4:17  Drone x3  
  55  4:21  Drone x2, Roach Warren  
  55  4:23  Overlord x2  
  58  4:44  Drone x2  
  58  4:45  Drone x4  
  64  4:53  Lair  
  64  4:55  Zerg Missile Weapons Level 1, Zerg Ground Armor Level 1  
  64  4:56  Overlord x4  
  64  5:02  Drone x2  
  64  5:03  Drone x2  
  64  5:06  Drone  
  69  5:16  Overlord  
  69  5:20  Overlord x2  
  69  5:21  Roach  
  69  5:22  Roach x4  
  69  5:24  Roach  
  69  5:25  Roach  
  83  5:31  Metabolic Boost  
  83  5:34  Roach x2  
  83  5:35  Roach x2  
  91  5:45  Zergling x4  
  91  5:46  Zergling x8  
  91  5:48  Roach x3  
  103  5:52  Overseer  
  103  5:56  Glial Reconstitution  
  103  5:58  Roach x5  
  103  6:02  Roach  
  115  6:05  Extractor  
  115  6:11  Roach x4  
  113  6:27  Spore Crawler  
  113  6:31  Spore Crawler  
  111  6:39  Roach x9  
  129  6:42  Overlord x3  
  129  6:59  Overlord x2  
  129  7:00  Hydralisk Den, Spore Crawler, Overlord  
  122  7:14  Zerg Ground Armor Level 2, Zerg Missile Weapons Level 2  
  122  7:19  Ravager  
  123  7:25  Extractor, Drone x5  
  123  7:28  Ravager  
  128  7:31  Ravager  
  129  7:37  Ravager  
  129  7:43  Zergling x14  
  129  7:44  Zergling x8  
  141  7:58  Infestation Pit  
  140  8:07  Muscular Augments  
  140  8:09  Drone  
  140  8:10  Drone x7  
  148  8:28  Hatchery, Extractor  
  148  8:29  Extractor  
  148  8:33  Hydralisk x7  
  159  8:38  Ravager  
  159  8:39  Ravager x2  
  160  8:56  Hydralisk x5  
  160  8:59  Overlord x3  
  170  9:13  Drone  
  168  9:34  Hive  
  142  10:17  Hydralisk x9  
  142  10:18  Hydralisk x12  
Show
View Real Time Build Order
Export as new Build Order

WhaToDo Protoss 

Build Orders: Nexus First 

Get SALT Encoding   

  12  0:01  Probe (Chrono Boost)  
  13  0:11  Probe (Chrono Boost)  
  14  0:18  Pylon  
  14  0:22  Probe (Chrono Boost)  
  15  0:36  Probe (Chrono Boost)  
  16  0:56  Nexus  
  16  1:07  Gateway  
  16  1:10  Probe (Chrono Boost)  
  17  1:16  Assimilator  
  17  1:20  Probe (Chrono Boost)  
  18  1:31  Probe (Chrono Boost)  
  19  1:38  Gateway  
  19  2:00  Nexus  
  19  2:05  Pylon  
  19  2:12  Probe (Chrono Boost)  
  19  2:14  Probe (Chrono Boost)  
  21  2:23  Probe (Chrono Boost)  
  21  2:25  Cybernetics Core  
  21  2:29  Probe (Chrono Boost)  
  23  2:33  Probe (Chrono Boost)  
  24  2:39  Zealot  
  27  2:44  Probe (Chrono Boost)  
  27  2:54  Assimilator  
  27  2:57  Pylon, Probe (Chrono Boost)  
  27  2:58  Probe (Chrono Boost)  
  29  3:01  Warp Gate  
  29  3:07  Adept  
  29  3:12  Stalker  
  33  3:15  Probe (Chrono Boost)  
  33  3:17  Probe (Chrono Boost)  
  35  3:20  Probe (Chrono Boost)  
  37  3:27  Probe (Chrono Boost)  
  37  3:28  Probe (Chrono Boost)  
  37  3:52  Stalker  
  37  3:53  Stalker  
  37  3:54  Probe x3 (Chrono Boost)  
  44  4:01  Stargate  
  44  4:05  Probe x3 (Chrono Boost)  
  44  4:06  Assimilator  
  47  4:11  Assimilator  
  47  4:15  Probe x2 (Chrono Boost)  
  49  4:20  Gateway  
  49  4:23  Gateway  
  49  4:26  Pylon x2  
  49  4:28  Probe (Chrono Boost)  
  50  4:39  Adept  
  50  4:40  Forge  
  50  4:41  Stalker  
  54  4:50  Probe x2 (Chrono Boost)  
  54  4:51  Probe (Chrono Boost)  
  57  5:00  Oracle  
  57  5:01  Probe x2 (Chrono Boost), Mothership Core (Chrono Boost)  
  64  5:13  Protoss Ground Weapons Level 1  
  64  5:22  Twilight Council, Probe (Chrono Boost)  
  64  5:24  Probe (Chrono Boost)  
  64  5:26  Probe (Chrono Boost)  
  67  5:31  Pylon  
  67  5:33  Probe (Chrono Boost)  
  67  5:35  Probe (Chrono Boost)  
  69  5:36  Probe (Chrono Boost)  
  69  5:37  Void Ray  
  69  5:41  Zealot  
  76  5:43  Probe (Chrono Boost)  
  76  5:45  Probe (Chrono Boost)  
  76  5:46  Zealot  
  76  5:47  Probe (Chrono Boost), Zealot  
  83  5:50  Pylon  
  83  5:54  Probe (Chrono Boost)  
  83  5:56  Probe (Chrono Boost), Stalker  
  87  5:57  Probe (Chrono Boost)  
  87  5:59  Charge  
  88  6:04  Probe (Chrono Boost)  
  88  6:06  Probe (Chrono Boost)  
  88  6:07  Pylon  
  88  6:08  Probe (Chrono Boost)  
  91  6:39  Stalker x2  
  95  6:40  Sentry  
  95  6:42  Sentry  
  99  6:50  Photon Cannon  
  91  7:09  Protoss Ground Weapons Level 2  
  91  7:10  Zealot  
  91  7:11  Zealot x2  
  91  7:12  Zealot  
  99  7:18  Gateway  
  99  7:20  Gateway  
  99  7:22  Gateway  
  99  7:24  Gateway  
  99  7:25  Void Ray (Chrono Boost)  
  99  7:28  Pylon  
  103  7:31  Pylon, Zealot x2  
  103  7:32  Stalker  
  103  7:33  Pylon  
  109  7:39  Resonating Glaives  
  109  7:40  Assimilator  
  109  7:45  Assimilator  
  109  7:53  Robotics Facility  
  109  8:09  Pylon, Void Ray (Chrono Boost)  
  109  8:11  Pylon  
  113  8:13  Pylon  
  113  8:14  Stalker x4  
  113  8:19  Stalker x2  
  125  8:20  Stalker  
  125  8:22  Zealot  
  129  9:20  Zealot x3  
  129  9:22  Stalker  
  130  9:44  Zealot  
  130  9:45  Zealot x3  
  107  9:46  Zealot x2  
  107  9:47  Zealot  
  107  9:49  Stalker  
Tags
 
Add a new tag
Caveats
  • Supply blocks, unpowered buildings, or Contaminate may cause inaccurate times.
  • Supply counts are checked every 10 seconds.